 Dungeon Crawl Stone Soup version 0.29-a0-214-g17f627cfee (webtiles) character file.

Game seed: 14453923270579595455

100 Snarg the Conjurer (level 4, -3/35 HPs)
             Began as a Demigod Wanderer on Feb 25, 2022.
             Slain by a wight
             ... wielding a +2 falchion of electrocution
              (13 damage)
             ... on level 3 of the Dungeon.
             The game lasted 00:12:51 (3455 turns).

Snarg the Conjurer (Demigod Wanderer)               Turns: 3455, Time: 00:12:51

Health: -3/35      AC:  4    Str: 15    XL:     4   Next: 23%
Magic:  9/9        EV: 11    Int: 19    God:
Gold:   103        SH:  0    Dex: 10    Spells: 6/7 levels left

rFire   . . .      SeeInvis .   a - +2 dagger (elec)
rCold   . . .      Faith    .   (no shield)
rNeg    . . .      Spirit   .   f - +0 leather armour
rPois   +          Reflect  .   t - +0 helmet
rElec   .          Harm     .   (no cloak)
rCorr   .          Rampage  .   (no gloves)
Will    .....                   (no boots)
Stlth   +.........              (no amulet)
HPRegen 0.11/turn               r - ring of poison resistance
MPRegen 0.11/turn               (no ring)

@: no status effects
A: high MP 1, forlorn, divine attributes
a: no special abilities


You were on level 3 of the Dungeon.
You visited 1 branch of the dungeon, and saw 4 of its levels.

You collected 103 gold pieces.

Inventory:

Hand Weapons
 a - a +2 dagger of electrocution (weapon)
 b - a +1 short sword
 q - a +2 hand axe of flaming
Missiles
 d - 44 stones (quivered)
Armour
 f - a +0 leather armour (worn)
 h - a +0 scale mail
 t - a +0 helmet (worn)
Magical Staves
 p - a staff of poison
Jewellery
 r - a ring of poison resistance (left hand)
Wands
 c - a wand of iceblast (3)
Scrolls
 i - a scroll of summoning {unknown}
 j - 3 scrolls of fog
 k - a scroll of vulnerability {unknown}
 l - a scroll of enchant weapon
 o - a scroll of identify
Potions
 g - 3 potions of brilliance {unknown}
 m - 2 potions of curing {unknown}
 n - a potion of resistance
 s - a potion of degeneration {unknown}


   Skills:
 * Level 1.1 Fighting
 + Level 1.3 Armour
 - Level 1.3 Dodging
 * Level 0.1 Stealth
 - Level 2.0 Spellcasting
 + Level 3.5 Conjurations
 * Level 2.2 Fire Magic
 + Level 1.8 Evocations


You had 6 spell levels left.
You knew the following spells:

 Your Spells              Type           Power      Damage    Failure   Level
a - Foxfire               Conj/Fire      48%        2x1d6     6%          1

Your spell library contained the following spells:

 Spells                   Type           Power      Damage    Failure   Level
 Stone Arrow              Conj/Erth      16%        3d8       30%         3
 Portal Projectile        Hex/Tloc       2%         N/A       52%         3
 Blade Hands              Tmut           0%         N/A       99%         5
 Excruciating Wounds      Necr           0%         N/A       99%         5


Dungeon Overview and Level Annotations

Branches:
Dungeon (4/15)
 Temple: D:4-7

Shops:
D:1 !

Annotations:
D:1 clr, Terence
D:2 clear rock vault, clr
D:3 clr


Innate Abilities, Weirdness & Mutations

You have an increased reservoir of magic. (+10% MP)
You shall have no god before yourself.
Your divine heritage dramatically boosts your attributes as you level up.


Message History

The foxfire hits the hobgoblin but does no damage.
The foxfire hits the hobgoblin.
The hobgoblin is heavily wounded.
You hit the hobgoblin.
Lightning courses through the hobgoblin!
You kill the hobgoblin!
A wight comes into view.
It is wielding a +2 falchion of electrocution.
An iguana comes into view.
Things that are here:
a +0 chain mail; a white potion; 10 gold pieces
Casting: Foxfire (safe; 6% risk of failure)
Confirm with . or Enter, or press ? or * to list all spells.
You conjure some foxfire!
The iguana hisses angrily.
A dart slug comes into view.
The foxfire hits the wight.
The wight is lightly damaged.
The foxfire hits the wight.
The wight is moderately damaged.
A wight comes into view. It is wielding a +1 hand axe.
A wight comes into view. It is wielding a +0 great sword.
Things that are here:
a +0 chain mail; a white potion; 10 gold pieces A wight comes into view.
It is wielding a +0 flail of protection.
A wight comes into view. It is wielding a +0 halberd.
There is a stone staircase leading up here.
The wight hits you with a +2 falchion of electrocution.
You are electrocuted!!
Ouch! That really hurt!
* * * LOW HITPOINT WARNING * * *
You climb upwards.
Level annotation: clr
There is a stone staircase leading down here.
Unknown command.
Unknown command.
As you read the scroll labelled HAHOACHOTHRUZ, it crumbles to dust.
It is a scroll of identify.
n - a potion of resistance The wight hits you with a +2 falchion of electrocution!
You die...

'### .# .### ...#
.#.# ##)# .#.#
.#)###############
...............z@#
.#.#########.#####
.#...# #...#
####.# #.###
.....# #.#
.....#####.#
........##.#
........'..#
........####


You could see a wight.

Vanquished Creatures
  A gnoll (D:1)
  2 adders (D:3)
  A dart slug (D:1)
  6 orcs
  A bat (D:3)
  8 endoplasms
  3 giant cockroaches
  7 goblins
  9 hobgoblins
  6 kobolds
  6 ball pythons
  A frilled lizard (D:1)
  4 rats
55 creatures vanquished.

Vanquished Creatures (others)
  159 foxfires
159 creatures vanquished.

Grand Total: 214 creatures vanquished

Notes
Turn   | Place    | Note
-------+----------+-------------------------------------------
     0 | D:1      | Snarg the Demigod Wanderer began the quest for the Orb.
     0 | D:1      | Snarg set off with the following items: a +0 club, a +0
                  | scale mail, a wand of iceblast (3); and the following spell
                  | memorised: Foxfire; and the following spells available to
                  | memorise: Stone Arrow
     0 | D:1      | Reached XP level 1. HP: 16/16 MP: 5/5
   158 | D:1      | Reached skill level 3 in Conjurations
   205 | D:1      | Reached XP level 2. HP: 23/23 MP: 2/7
   283 | D:1      | Found Aterosko's Distillery.
   484 | D:1      | Reached skill level 1 in Fire Magic
   990 | D:1      | Reached XP level 3. HP: 28/28 MP: 4/8
  1729 | D:2      | Noticed Terence
  2721 | D:3      | Reached XP level 4. HP: 35/35 MP: 5/9
  3455 | D:3      | Slain by a wight

Illustrated notes

Levels and vault maps discovered:
D:1:      minmay_arrival_loop, layout_basic, hellmonk_ecumenical_altar_blasted,
          serial_shops, nicolae_shop_hallway_stairs
D:2:      layout_basic, due_unseen_surprise, uniq_terence
D:3:      layout_basic
D:4:      kennysheep_big_flooded_room, layout_basic, uniq_crazy_yiuf_cottage

Skill      XL: |  1  2  3 |
---------------+----------+-----
Conjurations   | 3 |  3.5
Fire Magic     | 1 2 |  2.2
Spellcasting   | 2 |  2.0
Fighting       | |  1.1
Armour         | |  1.3
Dodging        | |  1.3
Stealth        | |  0.1
Evocations     | |  1.8

Action                   |  1- 3 |  4- 6 || total
-------------------------+-------+-------++-------
Melee: Club              |    11 |       ||    11
       Whip              |    42 |       ||    42
       Short sword       |    15 |     9 ||    24
       Dagger            |       |     1 ||     1
Throw: Stone             |     1 |       ||     1
 Cast: Foxfire           |    80 |    18 ||    98
  Use: Scroll            |     3 |     1 ||     4
Armor: Scale mail        |     7 |       ||     7
       Leather armour    |    14 |     2 ||    16
Dodge: Dodged            |    59 |       ||    59

Table legend: (Time is in decaauts)
 A = Elapsed time spent in this place.
 B = Non-inter-level travel time spent in this place.
 C = Inter-level travel time spent in this place.
 D = Time resting spent in this place.
 E = Time spent auto-exploring this place.
 F = Levels seen in this place.
 G = Mean time per level.
                   A        B        C        D        E       F      G
               +--------+--------+--------+--------+--------+-----+--------+
         Total |   3464 |   3294 |    170 |    204 |   2502 |   4 |  866.0 |
       Dungeon |   3464 |   3294 |    170 |    204 |   2502 |   4 |  866.0 |
               +--------+--------+--------+--------+--------+-----+--------+

Top non-repeatable levels by time:
     D:2: 1251 daAuts
     D:1: 1237 daAuts
     D:3: 867 daAuts
     D:4: 108 daAuts
